 Dungeon Crawl Stone Soup version 0.20.0-14-g326068f (webtiles) character file.

67 Chiseanne the Slasher (level 3, 0/28 HPs)
             Began as a Demonspawn Wanderer on June 8, 2017.
             Slain by an adder (4 damage)
             ... on level 2 of the Dungeon.
             The game lasted 00:02:02 (1601 turns).

Chiseanne the Slasher (Demonspawn Wanderer)         Turns: 1601, Time: 00:02:02

Health: 0/28       AC:  8    Str: 12    XL:     3   Next: 98%
Magic:  3/3        EV:  5    Int: 13    God:
Gold:   56         SH:  0    Dex: 13    Spells: 2/2 levels left

rFire    . . .     SeeInvis .   d - +0 falchion
rCold    + . .     Gourm    .   (no shield)
rNeg     . . .     Faith    .   g - +0 chain mail
rPois    .         Spirit   .   (no helmet)
rElec    .         Reflect  .   (no cloak)
rCorr    .         Harm     .   (no gloves)
MR       .....                  (no boots)
Stlth    ..........             (no amulet)
Regen    0.1/turn               (no ring)
MPRegen  0.1/turn               (no ring)

@: no status effects
A: cold resistance 1, freezing cloud immunity
a: no special abilities


You were on level 2 of the Dungeon.
You were not hungry.

You visited 1 branch of the dungeon, and saw 2 of its levels.

You collected 56 gold pieces.

Inventory:

Hand Weapons
 b - a +2 blowgun
 d - a +0 falchion (weapon)
Missiles
 a - 4 curare-tipped needles
 j - 18 sling bullets
 l - 60 stones (quivered)
 n - 20 arrows
Armour
 e - a +0 robe
 g - a +0 chain mail (worn)
Scrolls
 c - a scroll of remove curse {unknown}
 t - a scroll of enchant armour {unknown}
 v - a scroll of noise {unknown}
 w - a scroll of teleportation {unknown}
Potions
 i - a potion of heal wounds {unknown}
 k - a potion of ambrosia {unknown}
 m - 2 potions of brilliance {unknown}
 q - a potion of degeneration {unknown}
 r - a potion of haste {unknown}
 u - 2 potions of curing {unknown}
Comestibles
 f - a bread ration
 h - 4 fruits
 o - a royal jelly
 s - a meat ration


   Skills:
 * Level 2.9 Fighting
 - Level 3.6 Long Blades
 - Level 1.0 Throwing
 * Level 1.5 Armour
 * Level 1.8 Dodging
 - Level 1.0 Stealth
 - Level 1.0 Unarmed Combat
   Level 1.0 Evocations


You had 2 spell levels left.
You didn't know any spells.

Dungeon Overview and Level Annotations

Branches:
Dungeon (2/15)

Altars:


Innate Abilities, Weirdness & Mutations

Your flesh is cold resistant. (rC+)
You are immune to freezing clouds.


Message History

You barely miss the adder.
The adder bites you but does no damage. x2
You barely miss the adder. The adder bites you but does no damage.
You hit the adder.
The adder is moderately wounded.
The adder bites you.
* * * LOW HITPOINT WARNING * * *
You hit the adder.
The adder is severely wounded.
The adder barely misses you. The adder bites you but does no damage.
You hit the adder.
The adder is almost dead.
The adder bites you but does no damage.
Your chain mail prevents you from hitting the adder.
The adder is almost dead.
The adder bites you but does no damage. The adder bites you.
* * * LOW HITPOINT WARNING * * *
You miss the adder.
The adder is almost dead.
The adder bites you.
You die...

### ###########.######
..........#......#
#########.#.####@# #.#.#..#S#
#.#.#..#h# #.#.#...h#
#########.#.#....###########
...................Shh.....#
#########.#.#.##....#..###.######
#.........#.#.......#....#†%.....
#.#########.#.##....#..#.#h......


You could see an adder and 2 jackals.

Vanquished Creatures
  3 adders (D:2)
  2 dart slugs
  6 bats
  2 giant cockroaches (D:1)
  2 goblins (D:1)
  4 hobgoblins
  8 jackals (D:2)
  2 kobolds
  3 rats (D:1)
32 creatures vanquished.

Notes
Turn   | Place    | Note
-------+----------+-------------------------------------------
     0 | D:1      | Chiseanne the Demonspawn Wanderer began the quest for the Orb.
     0 | D:1      | Chiseanne set off with: 4 curare-tipped needles, a +2 blowgun, a +0 short sword, a +0 falchion, a +0 robe, a bread ration
     0 | D:1      | Reached XP level 1. HP: 16/16 MP: 1/1
   328 | D:1      | Gained mutation: Your flesh is cold resistant. (rC+) [demonic ancestry]
   328 | D:1      | Reached XP level 2. HP: 22/22 MP: 2/2
   390 | D:1      | Reached skill level 1 in Dodging
   508 | D:1      | Reached skill level 1 in Armour
  1148 | D:2      | Gained mutation: You are immune to freezing clouds. [demonic ancestry]
  1148 | D:2      | Reached XP level 3. HP: 26/28 MP: 3/3
  1601 | D:2      | Slain by an adder

Skill      XL: |  1  2 |
---------------+-------+-----
Dodging        | 1 |  1.8
Armour         | 1 |  1.5
Fighting       | |  2.9
Long Blades    | |  3.6
Throwing       | |  1.0
Stealth        | |  1.0
Unarmed Combat | |  1.0
Evocations     | |  1.0

Action                   || total
-------------------------++-------
Melee: Falchion          ||   148
  Eat: Chunk             ||     2
Armor: Chain mail        ||   172
       Robe              ||     3
Dodge: Dodged            ||    70
       Rpst.: Falchion   ||    25
